 Dungeon Sprint DCSS version 0.21-a0-286-g6fcecc0 (webtiles) character file.

4870 potatolord6000 the Blocker (level 10, -7/81 HPs)
             Began as a Formicid Fighter on Sept 27, 2017.
             Was a Priest of Hepliaklqana.
             Mangled by Urug
             ... wielding a +0 demon trident of electrocution
              (14 damage)
             ... in the Dungeon (Sprint VII: "The Pits").
             The game lasted 00:07:03 (1936 turns).

potatolord6000 the Blocker (Formicid Fighter)       Turns: 1936, Time: 00:07:04

Health: -7/81      AC: 18    Str: 29    XL:     10   Next: 79%
Magic:  19/19      EV:  9    Int: 14    God:    Hepliaklqana [***...]
Gold:   0          SH: 14    Dex: 10    Spells: 9/9 levels left

rFire    . . .     SeeInvis +   r - +2 war axe (chop)
rCold    . . .     Gourm    .   c - +0 shield
rNeg     . . .     Faith    .   s - +4 chain mail
rPois    .         Spirit   .   (helmet unavailable)
rElec    .         Reflect  .   (no cloak)
rCorr    .         Harm     .   a - +0 pair of gloves
MR       +....                  (no boots)
Stlth    ..........             (no amulet)
HPRegen  0.23/turn              d - +3 ring of intelligence
MPRegen  0.16/turn              h - +3 ring of intelligence

@: mighty
A: permanent stasis, dig shafts and tunnels, four strong arms, reduced essence,
antennae 3
a: Dig, Recall Ancestor, Ancestor Identity, Transference, Renounce Religion


You were in the Dungeon.
You worshipped Hepliaklqana.
Hepliaklqana was most pleased with you.
You were very full.

You visited 1 branch

Inventory:

Hand Weapons
 r - a +2 war axe of chopping (weapon)
Armour
 a - a +0 pair of gloves (worn)
 c - a +0 shield (worn)
 s - a +4 chain mail (worn)
Jewellery
 d - a +3 ring of intelligence (left hand)
 h - a +3 ring of intelligence (right hand)
Scrolls
 m - 3 scrolls of remove curse
 n - 5 scrolls of amnesia
 o - a scroll of summoning
Potions
 e - 6 potions of curing
 i - 4 potions of magic
 j - a potion of resistance
 k - a potion of might
 l - 2 potions of invisibility
Comestibles
 f - 8 bread rations
 p - 40 fruits
 q - 5 meat rations


   Skills:
 + Level 12.4 Fighting
 + Level 11.3 Axes
 + Level 12.4 Armour
 + Level 13.4 Shields
 + Level 12.1 Invocations


You had 9 spell levels left.
You didn't know any spells.

Dungeon Overview and Level Annotations

Branches:
Dungeon (1/1)

Altars:
Ashenzari
Cheibriados
Dithmenos
Elyvilon
Fedhas
Gozag
Hepliaklqana
Kikubaaqudgha
Makhleb
Nemelex Xobeh
Okawaru
Qazlal
Ru
Sif Muna
Trog
Uskayaw
Vehumet
Wu Jian
Xom
Yredelemnul
Zin
The Shining One
Beogh
Jiyva
Lugonu

Annotations:
D Urug


Innate Abilities, Weirdness & Mutations

You cannot be hasted, slowed, berserked, paralysed or teleported.
You can dig through walls and to a lower floor.
Your four strong arms can wield two-handed weapons with a shield.
You have a pair of large antennae on your head. (SInv)
Your life essence is reduced to manifest your ancestor. (-10% HP)


Message History

You completely miss Urug.
Urug is heavily wounded.
You block Urug's attack.
Amala points at Urug and mumbles some strange words.
The stone arrow hits Urug.
Unknown command.
You barely miss Urug.
Urug is severely wounded.
You block Urug's attack.
Amala hits Urug with a quarterstaff!
Unknown command.
You closely miss Urug.
Urug is almost dead.
Urug misses you.
Amala gestures at Urug while chanting.
The stone arrow misses Urug.
Unknown command.
You barely miss Urug.
Urug is almost dead.
Urug hits you with a demon trident of electrocution!
You die...

##÷÷## ###..'...+ {
#....###....##)##
{{
......#....##...##{
{
......'....+.....+
{
......#....##.†.##
{{
#....###....##†##
##''## ###..+.(.+ {
{ #....# ####.(.###
......# ##...(.@.##
......# #....(.Ro.#
####### ###########


You could see the friendly Amala the battlemage and Urug.

Vanquished Creatures
  An elephant (D)
  An efreet (D)
  A freezing wraith (D)
  A guardian mummy (D)
  A jumping spider (D)
  A blink frog (D)
  A flying skull (D)
  A wyvern (D)
  A hungry ghost (D)
  2 floating eyes (D)
  An orc warrior (D)
  3 wolves (D)
  A gnoll sergeant (D)
  3 wights (D)
  A jelly (D)
  A gnoll shaman (D)
  6 gnolls (D)
  An adder (D)
  An ufetubus (D)
  A leopard gecko (D)
  2 orcs (D)
  A ball python (D)
  A bat zombie (D)
  2 giant cockroaches (D)
  A hobgoblin (D)
  A jackal (D)
  A frilled lizard (D)
39 creatures vanquished.

Vanquished Creatures (collateral kills)
  A black mamba (D)
  A komodo dragon (D)
  A rime drake (D)
  A hellwing (D)
  2 blink frogs (D)
  A shadow (D)
  An acid dragon (D)
  A water moccasin (D)
  A black bear (D)
  A swamp drake (D)
  An orc priest (D)
  Ijyb (D)
  An orc wizard (D)
  A river rat (D)
  An ufetubus (D)
  A leopard gecko (D)
  2 orcs (D)
  A jackal (D)
20 creatures vanquished.

Vanquished Creatures (others)
  An ancestor (D)
1 creature vanquished.

Grand Total: 60 creatures vanquished

Notes
Turn   | Place    | Note
-------+----------+-------------------------------------------
     0 | D        | potatolord6000 the Formicid Fighter began the quest for the Orb.
     0 | D        | Reached XP level 1. HP: 18/18 MP: 1/1
    11 | D        | Noticed a floating eye
    14 | D        | Killed a floating eye
    14 | D        | Reached skill level 5 in Fighting
    14 | D        | Reached skill level 5 in Armour
    14 | D        | Reached skill level 6 in Shields
    14 | D        | Reached XP level 2. HP: 28/28 MP: 2/2
    14 | D        | Reached XP level 3. HP: 34/34 MP: 3/3
    14 | D        | Reached XP level 4. HP: 40/40 MP: 4/4
    14 | D        | Reached XP level 5. HP: 46/46 MP: 5/5
    21 | D        | Found a bloodstained altar of Trog.
    21 | D        | Found a deep blue altar of Sif Muna.
    21 | D        | Found a viscous altar of Jiyva.
    21 | D        | Found a hazy altar of Hepliaklqana.
    21 | D        | Found an opulent altar of Gozag.
    45 | D        | Found a glowing golden altar of the Shining One.
    45 | D        | Found a glowing silver altar of Zin.
    45 | D        | Found a basalt altar of Yredelemnul.
    45 | D        | Found a shimmering altar of Xom.
    45 | D        | Found an ornate altar of the Wu Jian Council.
    45 | D        | Found a sacrificial altar of Ru.
    45 | D        | Found a stormy altar of Qazlal.
    45 | D        | Found an iron altar of Okawaru.
    45 | D        | Found a sparkling altar of Nemelex Xobeh.
    45 | D        | Found a burning altar of Makhleb.
    45 | D        | Found a blossoming altar of Fedhas.
    45 | D        | Found a white marble altar of Elyvilon.
    45 | D        | Found a shadowy altar of Dithmenos.
    45 | D        | Found a snail-covered altar of Cheibriados.
    48 | D        | Found a corrupted altar of Lugonu.
    48 | D        | Found a radiant altar of Vehumet.
    48 | D        | Found a roughly hewn altar of Beogh.
    49 | D        | Found an ancient bone altar of Kikubaaqudgha.
    49 | D        | Found a hide-covered altar of Uskayaw.
    49 | D        | Found a shattered altar of Ashenzari.
    55 | D        | Became a worshipper of Hepliaklqana the Forgotten
    84 | D        | Reached skill level 5 in Axes
    92 | D        | Reached skill level 1 in Invocations
    98 | D        | Reached * piety under Hepliaklqana
   114 | D        | Reached skill level 7 in Shields
   120 | D        | Reached XP level 6. HP: 11/47 MP: 6/8
   363 | D        | Noticed a water moccasin
   363 | D        | Noticed Ijyb
   380 | D        | Reached skill level 8 in Shields
   385 | D        | Reached skill level 5 in Invocations
   422 | D        | Reached ** piety under Hepliaklqana
   423 | D        | Remembered your ancestor Amala as a battlemage
   434 | D        | Killed a water moccasin
   434 | D        | Reached XP level 7. HP: 32/55 MP: 9/11
   436 | D        | Reached skill level 9 in Shields
   440 | D        | Killed Ijyb
   704 | D        | Noticed an acid dragon
   707 | D        | Killed an acid dragon
   707 | D        | Reached XP level 8. HP: 27/63 MP: 13/13
   968 | D        | Reached skill level 10 in Shields
  1034 | D        | Noticed a hellwing
  1034 | D        | Noticed a wyvern
  1041 | D        | Killed a wyvern
  1044 | D        | Killed a hellwing
  1049 | D        | Reached skill level 10 in Fighting
  1049 | D        | Reached skill level 10 in Armour
  1049 | D        | Reached XP level 9. HP: 33/70 MP: 15/15
  1235 | D        | Noticed a black mamba
  1235 | D        | Noticed a rime drake
  1239 | D        | Killed a black mamba
  1239 | D        | Reached skill level 11 in Shields
  1241 | D        | Killed a rime drake
  1248 | D        | Reached *** piety under Hepliaklqana
  1250 | D        | Reached skill level 10 in Invocations
  1255 | D        | Reached skill level 10 in Axes
  1273 | D        | Noticed a blink frog
  1273 | D        | Noticed a blink frog
  1273 | D        | Noticed a blink frog
  1273 | D        | Noticed a komodo dragon
  1281 | D        | Killed a blink frog
  1281 | D        | Reached skill level 12 in Shields
  1283 | D        | Killed a komodo dragon
  1283 | D        | Reached XP level 10. HP: 30/79 MP: 16/18
  1506 | D        | Noticed a freezing wraith
  1518 | D        | Killed a freezing wraith
  1837 | D        | Noticed an elephant
  1837 | D        | Noticed an efreet
  1845 | D        | Killed an elephant
  1845 | D        | Reached skill level 13 in Shields
  1850 | D        | Killed an efreet
  1914 | D        | Noticed Urug
  1936 | D        | Mangled by Urug

Vault maps used:
D:        pitsprint

Skill      XL: |  1  2  3  4  5  6  7  8  9 10 |
---------------+-------------------------------+-----
Fighting       | 5 6 8 10 11 12 | 12.4
Axes           | 4 5 7 9 10 11 | 11.3
Armour         | 5 6 8 9 10 11 12 | 12.4
Shields        | 6 7 8 9 10 12 13 | 13.4
Invocations    | 3 6 7 9 10 12 | 12.1

Action                   |  1- 3 |  4- 6 |  7- 9 | 10-12 || total
-------------------------+-------+-------+-------+-------++-------
Melee: War axe           |     2 |    60 |    68 |    58 ||   188
Invok: Ancestor Life: Ba |       |     1 |       |       ||     1
 Abil: Dig               |       |       |       |     1 ||     1
  Use: Potion            |       |     2 |     2 |     5 ||     9
  Eat: Meat ration       |       |       |     2 |       ||     2
Armor: Scale mail        |       |    22 |       |       ||    22
       Chain mail        |       |    16 |    35 |    24 ||    75
Dodge: Dodged            |       |    34 |    24 |     9 ||    67
Block: Shield            |       |    53 |    39 |    37 ||   129

Table legend:
 A = Spawn XP
 B = Non-spawn XP
 C = Spawn XP percentage of total XP
 D = Spawn monster count
 E = Non-spawn monster count
 F = Spawn count percentage of total count
 G = Total turns spent on level
                    A         B        C        D         E        F      G
               +---------+---------+-------+---------+---------+-------+---------
         Total |       0 |    6958 |   0.0 |       0 |      59 |   0.0 |  1936
               +---------+---------+-------+---------+---------+-------+---------
             D |       0 |    6958 |   0.0 |       0 |      59 |   0.0 |  1936
               +---------+---------+-------+---------+---------+-------+---------
